 Dungeon Crawl Stone Soup version 0.28.0 (webtiles) character file.

Game seed: 7206385755942190618

722 Host24 the Quickloader (level 8, -7/46 HPs)
             Began as a Kobold Hunter on Feb 19, 2022.
             Was a Follower of Okawaru.
             Killed from afar by Maggie (15 damage)
             ... with a bolt of fire
             ... on level 6 of the Dungeon.
             The game lasted 00:10:18 (7013 turns).

Host24 the Quickloader (Kobold Hunter)              Turns: 7013, Time: 00:10:19

Health: -7/46      AC:  7    Str: 11    XL:     8   Next: 2%
Magic:  5/8        EV: 20    Int: 13    God:    Okawaru [*.....]
Gold:   279        SH:  5    Dex: 19    Spells: 7/7 levels left

rFire   . . .      SeeInvis .   a - +1 hand crossbow
rCold   . . .      Faith    .   (no shield)
rNeg    . . .      Spirit   .   w - +1 robe "Eroochom" {rCorr Dex+4}
rPois   +          Reflect  +   F - +2 hat
rElec   .          Harm     .   C - +1 cloak
rCorr   +          Rampage  .   (no gloves)
Will    +....                   (no boots)
Stlth   ++++......              j - amulet of reflection
HPRegen 0.15/turn               c - ring of poison resistance
MPRegen 0.11/turn               y - ring of willpower

@: heroic, mesmerised
A: small, no large weapons, nightstalker 3
a: Renounce Religion, Heroism


You were on level 6 of the Dungeon.
You worshipped Okawaru.
Okawaru was aware of your devotion.
You visited 1 branch of the dungeon, and saw 6 of its levels.

You collected 279 gold pieces.

Inventory:

Hand Weapons
 a - a +1 hand crossbow (weapon)
 b - a +0 short sword
Missiles
 d - 41 bolts (quivered ammo)
 e - 224 stones
 f - 62 sling bullets
 g - 4 boomerangs
 s - 82 arrows
 t - a large rock
 B - 3 javelins
 G - 11 poisoned darts
Armour
 w - the +1 robe "Eroochom" (worn) {rCorr Dex+4}
   (You found it on level 4 of the Dungeon)

   Dex:       It affects your dexterity (+4).
   rCorr:     It protects you from acid and corrosion.
 C - a +1 cloak (worn)
 F - a +2 hat (worn)
Jewellery
 c - a ring of poison resistance (left hand)
 j - an amulet of reflection (around neck)
 y - a ring of willpower (right hand)
Scrolls
 h - 3 scrolls of enchant weapon {unknown}
 k - 5 scrolls of identify {unknown}
 o - 3 scrolls of teleportation {unknown}
 q - a scroll of fog {unknown}
 r - 2 scrolls of fear {unknown}
 z - a scroll of acquirement {unknown}
 A - a scroll of noise {unknown}
 D - a scroll of blinking {unknown}
 E - a scroll of amnesia {unknown}
 H - a scroll of magic mapping {unknown}
Potions
 i - a potion of cancellation {unknown}
 l - 2 potions of ambrosia {unknown}
 m - 2 potions of invisibility {unknown}
 n - a potion of mutation {unknown}
 p - a potion of degeneration {unknown}
 u - a potion of berserk rage {unknown}
 v - a potion of heal wounds {unknown}
 x - 2 potions of curing {unknown}


   Skills:
 - Level 3.0(8.0) Fighting
 - Level 10.5(15.5) Crossbows
 - Level 3.1(8.1) Dodging
 - Level 1.3(6.3) Stealth


You had 7 spell levels left.
You didn't know any spells.
Your spell library contained the following spells:

 Spells                   Type           Power      Damage    Failure   Level
 Pain                     Necr           0%         1d4       30%         1
 Agony                    Necr           0%         N/A       100%        5
 Excruciating Wounds      Necr           0%         N/A       100%        5


Dungeon Overview and Level Annotations

Branches:
Dungeon (6/15)             Temple (0/1) D:4

Altars:
Kikubaaqudgha
Okawaru
Qazlal
Ru
Sif Muna
Vehumet
Xom
Zin
Beogh

Annotations:
D:5 Grinder
D:6 Maggie


Innate Abilities, Weirdness & Mutations

You are small and have problems with some larger weapons.
You are completely attuned to the shadows.


Message History

Press: ? - help, Q - select action, (/) - cycle Shift-Dir - straight line, f/p - Maggie
Aim: Maggie, wielding a +2 scimitar of flaming and wearing +0 swamp dragon scales (heavily wounded, mesmerising, 76% to hit)
You shoot a bolt. The bolt hits Maggie!
Maggie is severely wounded.
You block the orc's attack. The orc priest completely misses you.
Maggie smiles, but it's obviously fake.
Maggie completely misses you. The adder completely misses you.
You block the orc priest's attack.
Fire: 44 bolts
Press: ? - help, Q - select action, (/) - cycle Shift-Dir - straight line, f/p - Maggie
Aim: Maggie, wielding a +2 scimitar of flaming and wearing +0 swamp dragon scales (severely wounded, mesmerising, 76% to hit)
You shoot a bolt. The bolt barely misses Maggie.
The orc misses you. The adder bites you. The orc priest misses you.
Maggie casts a spell.
Maggie draws you further into her thrall.
The orc priest hits you but does no damage.
Fire: 43 bolts
Press: ? - help, Q - select action, (/) - cycle Shift-Dir - straight line, f/p - Maggie
Aim: Maggie, wielding a +2 scimitar of flaming and wearing +0 swamp dragon scales (severely wounded, mesmerising, 76% to hit)
You shoot a bolt. The bolt hits Maggie!
Maggie is almost dead.
The adder closely misses you. The orc completely misses you.
The orc priest mumbles some strange prayers to Beogh against you.
Beogh smites you!
Maggie hits you with a +2 scimitar of flaming!
* * * LOW HITPOINT WARNING * * *
Maggie burns you.
* * * LOW HITPOINT WARNING * * *
The orc priest mumbles some strange prayers to Beogh against you.
You resist with some effort.
Fire: 42 bolts
Press: ? - help, Q - select action, (/) - cycle Shift-Dir - straight line, f/p - Maggie
Aim: Maggie, wielding a +2 scimitar of flaming and wearing +0 swamp dragon scales (almost dead, mesmerising, 76% to hit)
You shoot a bolt. The bolt hits Maggie.
Maggie is almost dead.
The adder misses you. The orc misses you.
The orc priest hits you but does no damage.
Maggie gestures at you while chanting. The bolt of fire hits you!
You die...

######## .......##
##......## #..
##........## #.#
#..........## #.#
............######.##
...S@o...............
...@oo........####.##
..(............#8#.#8
.(.............#.....
(..............#.._..
......#..... ######


You could see Maggie (mesmerising), 2 orc priests, an adder and an orc.

Vanquished Creatures
  A water moccasin (D:5)
  An ice beast (D:6)
  A centaur (D:6)
  A kobold brigand (D:6)
  A scorpion (D:4)
  2 orc priests
  A bullfrog skeleton (D:5)
  An orc wizard (D:4)
  An iguana (D:5)
  A hound skeleton (D:4)
  5 adders
  An adder zombie (D:5)
  An adder skeleton (D:2)
  2 worms
  4 dart slugs
  10 orcs
  5 bats
  6 endoplasms
  6 giant cockroaches
  9 hobgoblins
  4 jackals (D:1)
  5 quokkas
  7 ball pythons
  3 frilled lizards (D:3)
  6 goblins
  10 kobolds
  9 rats
104 creatures vanquished.

Notes
Turn   | Place    | Note
-------+----------+-------------------------------------------
     0 | D:1      | Host24 the Kobold Hunter began the quest for the Orb.
     0 | D:1      | Reached XP level 1. HP: 12/12 MP: 1/1
    45 | D:1      | Reached skill level 5 in Crossbows
   274 | D:1      | Reached XP level 2. HP: 14/17 MP: 2/2
   882 | D:1      | Reached XP level 3. HP: 22/22 MP: 3/3
  1767 | D:2      | Reached XP level 4. HP: 28/28 MP: 4/4
  1881 | D:2      | Found a shimmering altar of Xom.
  2634 | D:3      | Reached skill level 6 in Crossbows
  3590 | D:3      | Reached XP level 5. HP: 30/32 MP: 5/5
  4026 | D:3      | Found a faded altar of an unknown god.
  4135 | D:4      | Reached skill level 7 in Crossbows
  4527 | D:4      | Reached XP level 6. HP: 26/37 MP: 6/6
  4532 | D:4      | Reached skill level 8 in Crossbows
  4812 | D:4      | Found a staircase to the Ecumenical Temple.
  5016 | D:4      | Found an iron altar of Okawaru.
  5021 | D:4      | Became a worshipper of Warmaster Okawaru
  5094 | D:4      | Identified the +1 robe "Eroochom" {rCorr Dex+4}
  5139 | D:4      | Found a shimmering blue altar of Sif Muna.
  5144 | D:4      | Found a faded altar of an unknown god.
  5147 | D:4      | Found a radiant altar of Vehumet.
  5148 | D:4      | Found a sacrificial altar of Ru.
  5153 | D:4      | Found an ancient bone altar of Kikubaaqudgha.
  5580 | D:5      | Entered Level 5 of the Dungeon
  5737 | D:5      | Found a stormy altar of Qazlal.
  5782 | D:5      | Noticed a water moccasin
  5800 | D:5      | Killed a water moccasin
  5801 | D:5      | Reached skill level 9 in Crossbows
  5801 | D:5      | Reached XP level 7. HP: 24/41 MP: 7/7
  6537 | D:5      | Noticed Grinder
  6588 | D:6      | Reached * piety under Okawaru
  6738 | D:6      | Reached skill level 10 in Crossbows
  6867 | D:6      | Reached XP level 8. HP: 46/46 MP: 8/8
  6972 | D:6      | Found a glowing silver altar of Zin.
  6996 | D:6      | Noticed Maggie
  7013 | D:6      | Killed from afar by Maggie

Illustrated notes

Levels and vault maps discovered:
D:1:      erik_arrival_orb_chamber, layout_loops_ring
D:2:      layout_basic, basic_altar, st_stairs_3, chequers_serial_rivers_marsh,
          nrook_uturn, due_unseen_surprise
D:3:      layout_basic, hellmonk_ecumenical_altar_defaced_shrine, minivault_24
D:4:      layout_cave_pods, okawaru_trees_1,
          chequers_temple_overflow_minitemple, minmay_temple_entry_from_below_a
D:5:      layout_basic, nicolae_qazlal_scattered_showers, uniq_grinder
D:6:      layout_basic, mainiacjoe_overflow_alcove_2,
          nicolae_overflow_crystal_walls, grunt_decor_junction,
          water_maze_lemuel, uniq_maggie

Skill      XL: |  1  2  3  4  5  6  7 |
---------------+----------------------+-----
Crossbows      | 5 6 7 9 10 | 10.5
Fighting       | 3 |  3.0
Dodging        | 3 |  3.1
Stealth        | |  1.3

Action                   |  1- 3 |  4- 6 |  7- 9 || total
-------------------------+-------+-------+-------++-------
Melee: Short sword       |   116 |   162 |    38 ||   316
       Punch             |     1 |     3 |       ||     4
 Fire: Hand crossbow     |    16 |    44 |    49 ||   109
Invok: Heroism           |       |       |     2 ||     2
 Stab: Sleeping          |     9 |    20 |     1 ||    30
Armor: Leather armour    |    26 |    24 |       ||    50
       Robe              |       |     8 |    24 ||    32
Dodge: Dodged            |    97 |   119 |    67 ||   283
Block: Other             |     6 |    39 |    18 ||    63
       Reflection        |       |     1 |       ||     1
